 Dungeon Crawl Stone Soup version 0.16.2-12-gd0ad4c3 (webtiles) character file.

11689 4thArraOfDagon the Cleaver (level 11, 0/110 HPs)
             Began as a Deep Dwarf Fighter on Aug 7, 2016.
             Was a High Priest of Makhleb.
             Slain by a boulder beetle (25 damage)
             ... on level 1 of the Spider Nest.
             The game lasted 00:27:30 (3667 turns).

4thArraOfDagon the Cleaver (Deep Dwarf Fighter)     Turns: 3667, Time: 00:27:30

Health: 0/110      AC: 20    Str: 23    XL:     11   Next: 52%
Magic:  20/20      EV:  7    Int: 12    God:    Makhleb [*****.]
Gold:   475        SH:  6    Dex: 10    Spells: 0 memorised, 10 levels left

rFire  . . .     SeeInvis .     e - +1 war axe (vamp)
rCold  . . .     Clarity  .     c - +0 plate armour (curse)
rNeg   . . .     SustAb   .     w - +2 buckler
rPois  +         Gourm    .     (no helmet)
rElec  .         Spirit   .     (no cloak)
rCorr  .         Warding  .     A - +1 pair of gloves {Str+3}
rMut   .         Stasis   .     (no boots)
MR     +....                    O - amulet of regeneration
Stlth  ..........               p - ring of invisibility
                                o - ring of poison resistance

@: very slightly contaminated, non-regenerating, somewhat resistant to hostile
enchantments, extremely unstealthy
A: damage resistance, recharge devices, molten scales 1, slimy green scales 1,
blurry vision 1, clumsy 1, sense surroundings 2, robust 1, slow healing 3,
placid magic 1
a: Device Recharging, Minor Destruction, Lesser Servant of Makhleb, Major
Destruction, Greater Servant of Makhleb, Renounce Religion, Evoke Invisibility


You were on level 1 of the Spider Nest.
You worshipped Makhleb.
Makhleb was extremely pleased with you.
You were not hungry.

You visited 4 branches of the dungeon, and saw 19 of its levels.
You also visited: Bailey.

You collected 475 gold pieces.

Inventory:

Hand weapons
 a - a +0 war axe
 e - a +1 vampiric war axe (weapon)
 y - a cursed -1 battleaxe
Armour
 b - a +0 scale mail
 c - a cursed +0 plate armour (worn)
 w - a +2 buckler (worn)
 A - a +1 pair of gloves of strength (worn)
 S - a +2 ring mail of fire resistance
Magical staves
 N - an uncursed staff of power {unknown}
Jewellery
 l - an uncursed ring of positive energy
 m - an uncursed ring of fire
 o - a ring of poison resistance (left hand)
 p - a ring of invisibility (right hand)
 K - an uncursed ring of flight
 O - an amulet of regeneration (around neck)
Magical devices
 d - a wand of heal wounds (1)
 t - a wand of fire (2)
 u - a wand of draining (0)
 v - a wand of frost (29)
 C - a wand of confusion (8)
 H - a wand of confusion (19)
 L - a wand of disintegration (16)
 M - a wand of slowing (18)
 P - a wand of confusion (24)
Scrolls
 h - 3 scrolls of blinking
 k - a scroll of amnesia
 B - a scroll of remove curse
 F - a scroll of teleportation {unknown}
 G - a scroll of enchant armour {unknown}
 I - a scroll of noise
 T - a scroll of recharging {unknown}
Potions
 g - a potion of restore abilities
 i - 4 potions of curing
 n - 3 potions of poison {unknown}
 r - a potion of agility {unknown}
 s - 2 potions of berserk rage {unknown}
 z - a potion of might
Books
 J - a book of Party Tricks

   Spells                             Type                      Level
   a - Summon Butterflies             Summoning                    1
   b - Apportation                    Translocation                1
   c - Tukima's Dance                 Hexes                        3
   d - Alistair's Intoxication        Transmutation/Poison         4
   e - Invisibility                   Hexes                        6
 Q - a book of Alchemy

   Spells                             Type                      Level
   a - Sublimation of Blood           Necromancy                   2
   b - Alistair's Intoxication        Transmutation/Poison         4
   c - Condensation Shield            Ice                          4
   d - Petrify                        Transmutation/Earth          4
   e - Ignite Poison                  Fire/Transmutation           5
   f - Irradiate                      Conjuration/Transmutation    5
Miscellaneous
 j - a lantern of shadows
Comestibles
 f - 7 bread rations
 q - 9 meat rations
 D - a royal jelly
 R - 2 slices of pizza


   Skills:
 + Level 7.0 Fighting
 * Level 13.3 Axes
 + Level 10.1 Armour
 - Level 3.2 Shields
 - Level 4.1 Invocations
 + Level 10.0 Evocations


You had 10 spell levels left.
You didn't know any spells.

Dungeon Overview and Level Annotations

Branches:
Dungeon (13/15)            Temple (1/1) D:4            Lair (4/8) D:11
 Spider (1/5) Lair:4
  Swamp: Lair:3-6    Shoals: Lair:3-6       Orc: D:9-12      Vaults: D:13-14

Altars:
Ashenzari
Fedhas
Kikubaaqudgha
Makhleb
Okawaru
Trog
Vehumet
Yredelemnul
Zin
The Shining One

Shops:
D:7 [   D:12 =

Annotations:
D:11 4thArraOfDagon's ghost, experienced DDBe
D:13 Nergalle


Innate Abilities, Weirdness & Mutations

You are resistant to damage.
You can recharge devices by infusing magical energy.
You passively map the area around you.
You do not heal naturally.
You are partially covered in molten scales (AC +1).
You are partially covered in slimy green scales (AC +2).
Scrolls take you a little longer to read.
You are clumsy. (Dex -2)
You are robust (+10% HP).
Your spells are a little easier to cast, but a little less powerful.


Message History

You hit the boulder beetle but do no damage.
The boulder beetle is lightly wounded.
You slash the wolf spider!
You feel better.
The wolf spider is severely wounded.
The orb spider barely misses you. The wolf spider barely misses you.
The wolf spider bites you but does no damage.
The boulder beetle bites you. The wolf spider hits you.
The wolf spider barely misses you.
Unknown command.
Unknown command.
You hit the wolf spider but do no damage.
The wolf spider is severely wounded.
You hit the boulder beetle but do no damage.
The boulder beetle is lightly wounded.
You flicker back into view.
The wolf spider hits you!
* * * LOW HITPOINT WARNING * * *
The wolf spider bites you but does no damage.
The boulder beetle bites you!!
You die...

##### ####
.......##@^## ,
.....#ss#B.## *,
**,*, #..s.<^s#
**#....#.#...#.#
..#.....#....#
......##....# *
.#.##.,#...## ,
..,#$ ...## *
..,..##


You could see a boulder beetle, a wolf spider, an orb spider, a jumping spider
and a scorpion.

Vanquished Creatures
  A hill giant (D:11)
  A wolf spider zombie (D:12)
  An ugly thing (D:11)
  Joseph (D:8)
  A centaur skeleton (D:11)
  Psyche (D:12)
  A gargoyle (D:12)
  2 spiny frogs
  2 trolls
  A merfolk (D:9)
  4 blink frogs (Lair:3)
  3 komodo dragons
  A basilisk (Lair:2)
  A shadow (D:10)
  A wraith (D:10)
  A hungry ghost (D:11)
  A hippogriff (Lair:2)
  7 yaks
  A wolf (Lair:4)
  2 water moccasins
  A sky beast (D:10)
  8 spiders (Lair:4)
  5 orc warriors
  An ice beast (D:6)
  2 ogres
  2 giant frogs (Lair:3)
  A crocodile (Lair:3)
  5 centaurs
  3 scorpions (D:10)
  4 wights (D:8)
  8 killer bees
  4 crimson imps
  A goliath beetle (D:9)
  An iguana (Lair:4)
  A giant frog zombie (D:8)
  3 orc priests
  5 hounds
  3 jellies
  2 giant frog skeletons
  10 orc wizards
  A gnoll shaman (D:10)
  3 worker ants
  A hound zombie (D:5)
  A mummy (D:12)
  12 river rats
  3 gnolls (D:5)
  9 adders
  2 shadow imps (D:10)
  A giant mite (D:10)
  A giant gecko (D:1)
  37 orcs
  2 giant cockroaches
  3 hobgoblins
  2 jackals (D:9)
  7 kobolds
  3 quokkas
  7 bats
  9 goblins
  2 rats
  A ballistomycete (D:10)
211 creatures vanquished.

Vanquished Creatures (collateral kills)
  Erolcha (D:8)
1 creature vanquished.

Vanquished Creatures (others)
  A giant gecko (D:8)
  A giant spore (D:10)
  A ballistomycete (D:10)
  A fungus (Lair:2)
  A plant (D:11)
5 creatures vanquished.

Grand Total: 217 creatures vanquished

Notes
Turn   | Place    | Note
--------------------------------------------------------------
     0 | D:1      | 4thArraOfDagon, the Deep Dwarf Fighter, began the quest for the Orb.
     0 | D:1      | Reached XP level 1. HP: 20/20 MP: 1/1
   134 | D:2      | Reached XP level 2. HP: 18/27 MP: 2/2
   149 | D:2      | Found an iron altar of Okawaru.
   149 | D:2      | Found a basalt altar of Yredelemnul.
   270 | D:4      | Reached XP level 3. HP: 17/33 MP: 3/3
   295 | D:4      | Found a staircase to the Ecumenical Temple.
   320 | D:4      | Reached skill level 4 in Axes
   341 | Temple   | Entered the Ecumenical Temple
   401 | Temple   | Became a worshipper of Makhleb the Destroyer
   443 | D:5      | Entered Level 5 of the Dungeon
   452 | D:5      | Reached XP level 4. HP: 37/40 MP: 4/4
   505 | D:5      | Reached skill level 5 in Axes
   505 | D:5      | Reached XP level 5. HP: 35/46 MP: 5/5
   526 | D:6      | Noticed an ogre
   532 | D:6      | Killed an ogre
   563 | D:5      | Acquired Makhleb's first power
   564 | D:5      | Reached XP level 6. HP: 40/55 MP: 6/6
   635 | D:5      | Reached skill level 6 in Axes
   677 | D:6      | Noticed an orc warrior
   692 | D:7      | Reached skill level 5 in Armour
   733 | D:7      | Found Daef's Armour Emporium.
   733 | D:7      | Noticed a water moccasin
   748 | D:7      | Killed a water moccasin
   800 | D:6      | Noticed a centaur
   801 | D:6      | Noticed an ice beast
   812 | D:6      | Killed a centaur
   812 | D:6      | Reached skill level 7 in Axes
   812 | D:6      | Reached XP level 7. HP: 48/61 MP: 7/7
   821 | D:6      | Killed an ice beast
   897 | D:8      | Reached skill level 1 in Evocations
   965 | D:8      | Reached skill level 8 in Axes
  1046 | D:10     | Entered Level 10 of the Dungeon
  1147 | D:9      | Acquired Makhleb's second power
  1181 | D:8      | Noticed Joseph
  1233 | D:9      | Noticed a merfolk
  1243 | D:9      | Killed a merfolk
  1243 | D:9      | Reached XP level 8. HP: 37/69 MP: 8/10
  1458 | D:10     | Noticed a yak
  1468 | D:10     | Killed a yak
  1468 | D:10     | Reached skill level 9 in Axes
  1500 | D:10     | Noticed a wraith
  1500 | D:10     | Noticed a troll
  1505 | D:10     | Killed a wraith
  1505 | D:10     | Reached skill level 5 in Evocations
  1511 | D:10     | Killed a troll
  1511 | D:10     | Gained mutation: You passively map the area around you. [level up]
  1511 | D:10     | Reached XP level 9. HP: 57/78 MP: 13/15
  1679 | D:10     | Noticed a shadow
  1690 | D:10     | Acquired Makhleb's third power
  1690 | D:10     | Reached skill level 10 in Axes
  1693 | D:10     | Killed a shadow
  1781 | D:11     | Noticed a hill giant
  1942 | D:12     | Reached skill level 5 in Fighting
  1964 | D:12     | Found a blossoming altar of Fedhas.
  1975 | D:12     | Found Phefuc's Jewellery Boutique.
  1976 | D:12     | Noticed a gargoyle
  1991 | D:12     | Noticed a wolf spider zombie
  2010 | D:12     | Killed a gargoyle
  2011 | D:12     | Killed a wolf spider zombie
  2011 | D:12     | Reached skill level 11 in Axes
  2066 | D:12     | Noticed Psyche
  2068 | D:12     | Killed Psyche
  2068 | D:12     | Reached XP level 10. HP: 88/88 MP: 15/17
  2070 | D:12     | Found a flagged portal.
  2085 | Bailey   | Entered a bailey
  2085 | Bailey   | Noticed an orc knight
  2085 | Bailey   | Noticed an orc knight
  2088 | Bailey   | Gained mutation: Scrolls take you a little longer to read. [a neqoxec]
  2108 | D:12     | Acquired Makhleb's fourth power
  2111 | D:12     | Reached skill level 1 in Invocations
  2128 | D:13     | Noticed Nergalle
  2193 | D:11     | Noticed a white ugly thing
  2198 | D:11     | Killed a white ugly thing
  2202 | D:11     | Gained mutation: You are partially covered in slimy green scales (AC +2). [mutagenic meat]
  2203 | D:11     | Gained mutation: You are clumsy. (Dex -2) [mutagenic meat]
  2350 | D:11     | Noticed a centaur skeleton
  2360 | D:11     | Killed a centaur skeleton
  2442 | D:11     | Killed a hill giant
  2471 | D:11     | Noticed a manticore
  2504 | D:10     | Reached skill level 12 in Axes
  2525 | D:10     | Gained mutation: You are robust (+10% HP). [mutagenic meat]
  2526 | D:10     | Gained mutation: Your spells are a little easier to cast, but a little less powerful. [mutagenic meat]
  2527 | D:10     | Gained mutation: You are partially covered in molten scales (AC +1). [mutagenic meat]
  2756 | D:8      | Killed Joseph
  2797 | D:8      | Noticed Erolcha
  2814 | D:8      | Killed Erolcha
  2999 | D:11     | Found a staircase to the Lair.
  3001 | D:11     | Noticed 4thArraOfDagon's ghost (experienced DDBe)
  3006 | Lair:1   | Entered Level 1 of the Lair of Beasts
  3283 | Lair:2   | Reached XP level 11. HP: 103/108 MP: 19/19
  3412 | Lair:3   | Acquired Makhleb's fifth power
  3515 | Lair:3   | Noticed a six-headed hydra
  3592 | Lair:4   | Reached skill level 13 in Axes
  3595 | Lair:4   | Found a hole to the Spider Nest.
  3618 | Lair:4   | Reached skill level 10 in Armour
  3629 | Lair:4   | Reached skill level 10 in Evocations
  3642 | Spider:1 | Entered Level 1 of the Spider Nest
  3667 | Spider:1 | Slain by a boulder beetle

Action                   |  1- 3 |  4- 6 |  7- 9 | 10-12 || total
-------------------------+-------+-------+-------+-------++-------
Melee: War axe           |    88 |   111 |   277 |   304 ||   780
Throw: Throwing net      |       |     2 |     6 |       ||     8
Invok: Lesser Servant of |       |       |       |     3 ||     3
 Abil: Device Recharging |       |       |     3 |     1 ||     4
       Evoke Invisibilit |       |       |       |     1 ||     1
Evoke: Wand              |     1 |     3 |    23 |    22 ||    49
  Use: Potion            |       |     1 |     1 |     1 ||     3
       Scroll            |       |     1 |    10 |     6 ||    17
 Stab: Held in net/web   |       |       |     1 |       ||     1
       Confused          |       |       |       |     4 ||     4
       Invisible         |       |       |       |     5 ||     5
  Eat: Bread ration      |       |     1 |       |       ||     1
       Chunk             |       |       |     2 |     7 ||     9
       Beef jerky        |       |       |     2 |       ||     2
       Meat ration       |       |       |       |     1 ||     1
